 Dungeon Crawl Stone Soup version 0.31-a0-339-gda1cbd555d (webtiles) character file.

Game seed: 12290749271351447585

748 Crownlay the Magician (level 7, -5/36 HPs)
             Began as a Deep Elf Summoner on July 17, 2023.
             Was an Initiate of Makhleb.
             Killed from afar by an electric eel (9 damage)
             ... with a bolt of electricity
             ... on level 5 of the Dungeon on July 21, 2023.
             The game lasted 00:29:38 (5549 turns).

Crownlay the Magician (Deep Elf Summoner)           Turns: 5549, Time: 00:29:39

Health: -5/36      AC:  4    Str:  5    XL:     7   Next: 48%
Magic:  13/17      EV: 12    Int: 22    God:    Makhleb [......]
Gold:   209        SH:  0    Dex: 15    Spells: 6/17 levels left

rFire   . . .        A - +0 spear
rCold   . . .        (no shield)
rNeg    + . .        a - +0 robe
rPois   .            (no helmet)
rElec   .            r - +0 cloak
rCorr   .            q - +0 pair of gloves
SInv    .            (no boots)
Will    .....        (no amulet)
Stlth   +            s - ring of positive energy
HPRegen 0.26/turn    (no ring)
MPRegen 0.15/turn

%: no passive effects
@: very slow
A: no striking features
a: Renounce Religion


You were on level 5 of the Dungeon.
You worshipped Makhleb.
Makhleb was noncommittal.
You visited 2 branches of the dungeon, and saw 6 of its levels.

You collected 209 gold pieces.

Inventory:

Hand Weapons
 A - a +0 spear (weapon)
Armour
 a - a +0 robe (worn)
 q - a +0 pair of gloves (worn)
 r - a +0 cloak (worn)
Jewellery
 o - an amulet of guardian spirit
 s - a ring of positive energy (left hand)
Talismans
 m - a beast talisman
Wands
 u - a wand of polymorph (10)
 y - a wand of mindburst (12)
 B - a wand of flame (7)
Scrolls
 d - a scroll of revelation {unknown}
 e - a scroll of fog
 g - a scroll of blinking
 h - a scroll of amnesia {unknown}
 j - 2 scrolls of enchant armour
 l - 3 scrolls of immolation
 p - a scroll of poison {unknown}
 t - 2 scrolls of noise
 x - 2 scrolls of fear {unknown}
Potions
 b - a potion of magic
 c - a potion of enlightenment {unknown}
 f - a potion of curing {unknown}
 i - 2 potions of invisibility {unknown}
 k - a potion of lignification {unknown}
 n - a potion of berserk rage {unknown}
 v - a potion of degeneration {unknown}
 w - 3 potions of heal wounds {unknown}
 z - a potion of ambrosia {unknown}


   Skills:
 - Level 2.4 Dodging
 - Level 2.4 Stealth
 + Level 5.7 Spellcasting
 * Level 4.6 Conjurations
 + Level 5.4 Hexes
 - Level 5.3 Summonings
 + Level 2.8 Invocations


You had 6 spell levels left.
You knew the following spells:

 Your Spells              Type           Power      Damage    Failure   Level
a - Summon Small Mammal   Summ           100%       N/A       1%          1
b - Call Canine Familiar  Summ           29%        N/A       3%          3
c - Fulminant Prism       Conj/Hex       14%        3d9       12%         4
d - Summon Guardian Gole  Hex/Summ       30%        N/A       3%          3

Your spell library contained the following spells:

 Spells                   Type           Power      Damage    Failure   Level
 Call Imp                 Summ           58%        N/A       1%          2
 Apportation              Tloc           12%        N/A       10%         1
 Volatile Blastmotes      Fire/Tloc      12%        2d11      28%         3
 Summon Lightning Spire   Summ/Air       18%        N/A       30%         4
 Iskenderun's Mystic Bla  Conj/Tloc      16%        2d5       36%         4
 Alistair's Intoxication  Tmut/Pois      4%         N/A       95%         5
 Orb of Destruction       Conj           13%        9d7       100%        7
 Spellforged Servitor     Conj/Summ      14%        N/A       100%        7


Dungeon Overview and Level Annotations

Branches:
Dungeon (5/15)             Temple (1/1) D:4

Altars:
Dithmenos
Hepliaklqana
Makhleb
Nemelex Xobeh
Okawaru
Qazlal
Sif Muna
Trog
Uskayaw
Vehumet
Wu Jian
Xom
Yredelemnul
Zin
The Shining One

Shops:
D:1 !

Annotations:
D:5 1 transporter


Message History

You hit the plant.
The plant is lightly damaged.
You hit the plant.
The plant is lightly damaged.
You hit the plant.
The plant is lightly damaged.
A nearby plant withers and dies.
You enter the shallow water.
Moving in this stuff is going to be slow.
You enter the shallow water.
Moving in this stuff is going to be slow.
Casting: Summon Small Mammal (safe; 1% risk of failure)
Confirm with . or Enter, or press ? or * to list all spells.
Casting: Summon Small Mammal (safe; 1% risk of failure)
Confirm with . or Enter, or press ? or * to list all spells.
Casting: Call Canine Familiar (dangerous; 3% risk of failure)
Confirm with . or Enter, or press ? or * to list all spells.
You open the door.
The electric eel shoots out a bolt of lightning at you!
The bolt of electricity hits your bat.
Your bat dies!
Your bat's corpse disappears in a puff of smoke!
The bolt of electricity hits you!
You enter the shallow water.
Moving in this stuff is going to be slow.
The electric eel shoots out a bolt of lightning at you!
The bolt of electricity hits your quokka!
Your quokka dies!
Your quokka's corpse disappears in a puff of smoke!
The bolt of electricity hits you! x2
* * * LOW HITPOINT WARNING * * *
Aiming: Throw Flame
Press: ? - help, Shift-Dir - straight line, f - electric eel
Aim: an electric eel (48% to hit)
The puff of flame hits the electric eel.
The electric eel is moderately wounded.
The electric eel is engulfed in a cloud of scalding steam.
The electric eel shoots out a bolt of lightning at you!
The bolt of electricity hits you!
You die...

.(.#.######### #######.#♣. #.##.#
#.#♣♣ #....# #.#.. ###..# #.#..
.....### #.... .......###
###################.. .........#
#.................... .......#.#
#.###############....
....####.####.#8@#SS~~~~~#P8#.#.#
##............#.§#..PP~~~#..#...#
#######.##..©#©h'..S⌠PPP+[©#©..#
#..#...#..#..~~~~~#..#...#
#####.#.#.#8P#S~~~~~~#P8#....
#....)....###############...#
#####.####..................)...#
......#####.....................#
......#.......#.###..#..#####.#..


You could see 4 electric eels and a friendly hound (summoned).

Vanquished Creatures
  A phantom (D:4)
  Blork the orc (D:5)
  A gnoll bouda (D:4)
  A gnoll (D:5)
  A worm (D:4)
  An endoplasm (D:4)
  A giant cockroach (D:2)
  A goblin (D:1)
  A quokka (D:1)
  A bat (D:1)
  A frilled lizard (D:2)
11 creatures vanquished.

Vanquished Creatures (collateral kills)
  A scorpion (D:5)
  A jelly (D:5)
  A hound (D:5)
  An orc priest (D:5)
  An iguana (D:5)
  10 adders
  7 gnolls
  A white imp (D:5)
  2 dart slugs (D:1)
  4 orcs (D:4)
  3 endoplasms
  6 goblins
  4 hobgoblins
  5 kobolds
  4 quokkas
  7 ball pythons
  3 bats
  A frilled lizard (D:3)
  2 rats
64 creatures vanquished.

Vanquished Creatures (others)
  An ice beast (D:5)
  An iguana (D:5)
  An orc wizard (D:5)
  A gnoll (D:5)
  An adder (D:5)
  An orc (D:5)
6 creatures vanquished.

Grand Total: 81 creatures vanquished

Notes
Turn   | Place    | Note
-------+----------+-------------------------------------------
     0 | D:1      | Crownlay the Deep Elf Summoner began the quest for the Orb.
     0 | D:1      | Reached XP level 1. HP: 10/10 MP: 6/6
    11 | D:1      | Found Jumisisch's Distillery.
   107 | D:1      | You fall into a shaft and drop 1 floor!
   217 | D:1      | Reached XP level 2. HP: 15/15 MP: 5/8
   279 | D:1      | Reached skill level 1 in Hexes
   491 | D:1      | Found a faded altar of an unknown god.
   944 | D:2      | Reached skill level 5 in Summonings
   988 | D:2      | Reached XP level 3. HP: 12/19 MP: 8/10
   992 | D:2      | Learned a level 3 spell: Call Canine Familiar
  2142 | D:3      | Reached XP level 4. HP: 24/24 MP: 5/11
  2521 | D:3      | Reached skill level 1 in Conjurations
  2698 | D:4      | Found an iron altar of Okawaru.
  2852 | D:4      | Reached XP level 5. HP: 28/28 MP: 9/13
  2997 | D:4      | Found a staircase to the Ecumenical Temple.
  3006 | Temple   | Entered the Ecumenical Temple
  3014 | Temple   | Upgraded the game from 0.31-a0-319-g4fced400ed to
                  | 0.31-a0-339-gda1cbd555d
  3023 | Temple   | Became a worshipper of Makhleb the Destroyer
  3330 | D:4      | Noticed a phantom
  3351 | D:4      | Killed a phantom
  3352 | D:4      | Reached skill level 1 in Invocations
  3906 | D:5      | Entered Level 5 of the Dungeon
  3919 | D:5      | Reached XP level 6. HP: 32/32 MP: 9/15
  3926 | D:5      | Learned a level 4 spell: Fulminant Prism
  4223 | D:5      | Found an ornate altar of the Wu Jian Council.
  4233 | D:5      | Found a transporter.
  4253 | D:5      | Reached skill level 5 in Spellcasting
  4277 | D:5      | Found a transporter.
  4373 | D:5      | Learned a level 3 spell: Summon Guardian Golem
  4562 | D:5      | Noticed an ice beast
  4612 | D:5      | Killed an ice beast
  4613 | D:5      | Reached skill level 5 in Hexes
  4613 | D:5      | Reached XP level 7. HP: 36/36 MP: 5/16
  5120 | D:5      | Noticed Blork the orc
  5157 | D:5      | Killed Blork the orc
  5549 | D:5      | Killed from afar by an electric eel

Illustrated notes

Levels and vault maps discovered:
D:1:      amcnicky_arrival_single_pillar, layout_basic,
          shapermc_ecumenical_altar_ellora, serial_shops, nicolae_lakefront_shop
D:2:      layout_loops_ring, serial_glass, glass_columns_a, glass_columns_c
D:3:      layout_loops_ring
D:4:      layout_basic, mainiacjoe_overflow_tiny_flanked, temple_fountains
D:5:      gammafunk_steamed_eel, layout_basic, mainiacjoe_overflow_alcove_1,
          kennysheep_minor_cross, uniq_blork_the_orc
Temple:   nicolae_temple_ecumenical_triangle

Skill      XL: |  1  2  3  4  5  6  7 |
---------------+----------------------+-----
Hexes          | 1 2 3 4 5 |  5.4
Summonings     | 5 |  5.3
Spellcasting   | 4 5 |  5.7
Conjurations   | 1 2 3 4 |  4.6
Invocations    | 1 2 |  2.8
Dodging        | |  2.4
Stealth        | |  2.4

Action                     |  1- 3 |  4- 6 |  7- 9 || total
---------------------------+-------+-------+-------++-------
  Melee: Whip              |    25 |    26 |       ||    51
         Spear             |       |       |    16 ||    16
   Cast: Summon Small Mamm |    56 |    69 |    16 ||   141
         Call Canine Famil |     5 |    24 |     8 ||    37
         Summon Guardian G |       |     2 |     4 ||     6
  Evoke: Wand              |       |       |     1 ||     1
    Use: Scroll            |     2 |     3 |       ||     5
   Stab: Distracted        |       |     2 |     1 ||     3
 Armour: Robe              |    11 |     5 |     1 ||    17
  Dodge: Dodged            |    34 |    22 |     4 ||    60

Table legend: (Time is in decaauts)
 A = Elapsed time spent in this place.
 B = Non-inter-level travel time spent in this place.
 C = Inter-level travel time spent in this place.
 D = Time resting spent in this place.
 E = Time spent auto-exploring this place.
 F = Levels seen in this place.
 G = Mean time per level.
                   A        B        C        D        E       F      G
               +--------+--------+--------+--------+--------+-----+--------+
         Total |   5555 |   5313 |    242 |     99 |   3915 |   6 |  925.8 |
       Dungeon |   5522 |   5280 |    242 |     99 |   3915 |   5 | 1104.4 |
        Temple |     32 |     32 |      0 |      0 |      0 |   1 |   32.0 |
               +--------+--------+--------+--------+--------+-----+--------+

Top non-repeatable levels by time:
     D:5: 1474 daAuts
     D:4: 1367 daAuts
     D:2: 923 daAuts
     D:1: 905 daAuts
     D:3: 851 daAuts
  Temple: 32 daAuts
